 Dungeon Crawl Stone Soup version 0.17.2 (webtiles) character file.

109 McIrco the Skirmisher (level 4, -2/40 HPs)
             Began as a Centaur Fighter on June 4, 2016.
             Killed from afar by an orc wizard (19 damage)
             ... with a puff of flame
             ... on level 4 of the Dungeon.
             The game lasted 00:06:30 (1514 turns).

McIrco the Skirmisher (Centaur Fighter)             Turns: 1514, Time: 00:06:30

Health: -2/40      AC:  6    Str: 19    XL:     4   Next: 59%
Magic:  4/4        EV:  5    Int:  7    God:
Gold:   153        SH:  8    Dex:  9    Spells: 0 memorised, 3 levels left

rFire  x . .     SeeInvis .     a - +0 war axe
rCold  + . .     Clarity  .     b - +0 scale mail
rNeg   . . .     SustAt   .     c - +0 shield
rPois  .         Gourm    .     (no helmet)
rElec  .         Spirit   .     (no cloak)
rCorr  .         Warding  .     (no gloves)
rMut   .         Stasis   .     (no barding)
MR     .....                    (no amulet)
Stlth  ..........               (no ring)
                                k - ring of ice

@: very quick, not resistant to hostile enchantments, extremely unstealthy
A: hooves 3, deformed body, speed 2, tough skin 3
a: no special abilities


You were on level 4 of the Dungeon.
You were not hungry.

You visited 1 branch of the dungeon, and saw 4 of its levels.

You collected 153 gold pieces.

Inventory:

Hand Weapons
 a - a +0 war axe (weapon)
Armour
 b - a +0 scale mail (worn)
 c - a +0 shield (worn)
Jewellery
 k - a ring of ice (left hand)
Wands
 h - a wand of draining (6)
 j - a wand of hasting (1)
Scrolls
 f - 2 scrolls of remove curse {unknown}
 l - a scroll of magic mapping {unknown}
Potions
 d - a potion of might
 n - a potion of haste {unknown}
Comestibles
 e - 3 bread rations
 g - a fruit
 i - a beef jerky
 o - a chunk of flesh


   Skills:
 + Level 3.7 Fighting
 + Level 2.4 Axes
 + Level 2.6 Armour
 + Level 0.9 Dodging
 + Level 2.7 Shields


You had 3 spell levels left.
You didn't know any spells.

Dungeon Overview and Level Annotations

Branches:
Dungeon (4/15)
 Temple: D:4-7

Altars:
Ashenzari
Gozag
Trog
Xom


Innate Abilities, Weirdness & Mutations

You have hooves in place of feet.
Armour fits poorly on your strangely shaped body.
You cover ground very quickly.
You have extremely tough skin (AC +3).


Message History

You hear the slow rusting of a very distant drain.
You see here an adder corpse.
You open the door.
There is an open door here.
You open the door.
An orc, an orc priest and 2 orc wizards come into view.
The orc wizard shouts!
The orc shouts!
The orc priest shouts!
The orc wizard shouts!
The orc wizard casts a spell at you. You resist with some effort.
Found a fuming clear potion and an encrusted silver ring.
Found a stone staircase leading up.
You close the door.
An orc wizard opens the door.
The orc wizard casts a spell at you. You resist with some effort.
The orc priest casts a cantrip, but nothing happens.
The orc wizard gestures at you while chanting.
The puff of flame hits you! The fire burns you terribly!
You die...

###################
#.................#
...######.###############.#
#..............##########.#
..................>.......#
###.#...#...#.....#.†#########
......#.#...#.....#...#......#
.....##.#...#.....#........#.#
........#...#..#@..........#[#
.......##...####.###.......#.#
...................'.......#.#
.....#..#.######.###.......#.#
........................####.#
###.#.#.#.######o########
#.#### # #.#.#...# ... #.....
# #.#.#...#####.o.. #..###. .
..#.#.......#o.o.. #.......


You could see an orc wizard and an orc.

Vanquished Creatures
  Ijyb (D:2)
  2 adders (D:4)
  2 oozes
  3 giant geckos
  4 bats
  4 giant cockroaches
  5 hobgoblins
  8 jackals
  6 kobolds
  3 ball pythons
  4 giant newts
  3 goblins
  4 rats
49 creatures vanquished.

Notes
Turn   | Place    | Note
--------------------------------------------------------------
     0 | D:1      | McIrco the Centaur Fighter began the quest for the Orb.
     0 | D:1      | Reached XP level 1. HP: 19/19 MP: 1/1
    45 | D:1      | Reached XP level 2. HP: 23/26 MP: 2/2
   457 | D:1      | Reached XP level 3. HP: 31/31 MP: 3/3
   805 | D:2      | Noticed Ijyb
   813 | D:2      | Killed Ijyb
   839 | D:2      | Found a shimmering altar of Xom.
   870 | D:2      | Reached XP level 4. HP: 38/38 MP: 4/4
   964 | D:2      | Found a shimmering altar of Xom.
   964 | D:2      | Found a shimmering altar of Xom.
  1033 | D:2      | Found a shimmering altar of Xom.
  1034 | D:2      | Found a shimmering altar of Xom.
  1147 | D:2      | Found a bloodstained altar of Trog.
  1221 | D:3      | Found an opulent altar of Gozag.
  1271 | D:3      | Found a shattered altar of Ashenzari.
  1514 | D:4      | Killed from afar by an orc wizard

Action                   |  1- 3 |  4- 6 || total
-------------------------+-------+-------++-------
Melee: War axe           |    84 |    53 ||   137
  Use: Potion            |       |     2 ||     2
  Eat: Chunk             |       |     1 ||     1
